 Dungeon Crawl Stone Soup version 0.28.0-43-g3370ac3207 (webtiles) character file.

Game seed: 8374506397556339596

206 pkoi the Ruffian (level 5, -3/45 HPs)
             Began as a Draconian Monk on Mar 14, 2022.
             Slain by Ijyb
             ... wielding a +0 club
              (5 damage)
             ... on level 3 of the Dungeon.
             The game lasted 00:02:25 (3022 turns).

pkoi the Ruffian (Draconian Monk)                   Turns: 3022, Time: 00:02:26

Health: -3/45      AC:  5    Str: 11 (14) XL:     5   Next: 53%
Magic:  5/5        EV: 12    Int: 10 (12) God:
Gold:   107        SH:  0    Dex: 12 (13) Spells: 4/4 levels left

rFire   . . .      SeeInvis .   a - +1 whip (vamp)
rCold   . . .      Faith    .   (no shield)
rNeg    . . .      Spirit   .   (armour unavailable)
rPois   .          Reflect  .   (helmet restricted)
rElec   .          Harm     .   (no cloak)
rCorr   .          Rampage  .   (no gloves)
Will    .....                   (no boots)
Stlth   ++........              (no amulet)
HPRegen 0.15/turn               (no ring)
MPRegen 0.09/turn               (no ring)

@: lethally poisoned (-3 -> -16), attractive, flying
A: AC +5, unfitting armour, cold-blooded
a: no special abilities


You were on level 3 of the Dungeon.
You visited 1 branch of the dungeon, and saw 3 of its levels.

You collected 107 gold pieces.

Inventory:

Hand Weapons
 a - a +1 vampiric whip (weapon)
Missiles
 f - 3 curare-tipped darts (quivered)
Scrolls
 c - a scroll of immolation
 d - a scroll of amnesia {unknown}
 g - a scroll of blinking {unknown}
 j - a scroll of fog {unknown}
 l - a scroll of fear {unknown}
 m - a scroll of teleportation {unknown}
 n - a scroll of identify {unknown}


   Skills:
 - Level 3.2 Fighting
 - Level 2.6 Dodging
 - Level 1.7 Stealth
 + Level 6.3 Unarmed Combat


You had 4 spell levels left.
You didn't know any spells.
Your spell library contained the following spells:

 Spells                   Type           Power      Damage    Failure   Level
 Ensorcelled Hibernation  Hex/Ice        0%         N/A       50%         2
 Spider Form              Tmut/Pois      0%         N/A       75%         3
 Anguish                  Hex/Necr       0%         N/A       98%         4


Dungeon Overview and Level Annotations

Branches:
Dungeon (3/15)

Altars:

Annotations:
D:3 Ijyb


Innate Abilities, Weirdness & Mutations

Your plain brown scales are hard. (AC +5)
You cannot fit into any form of body armour.
You are cold-blooded and may be slowed by cold attacks.


Message History

* * * LOW HITPOINT WARNING * * *
The water moccasin bites you but does no damage.
The quokka barely misses you.
It was a potion of flight.
You feel very buoyant.
You fly up into the air.
* * * LOW HITPOINT WARNING * * *
You feel very sick. The water moccasin barely misses you.
Ijyb barely misses you. The quokka closely misses you.
The water moccasin bites you!
* * * LOW HITPOINT WARNING * * *
You are more poisoned.
The water moccasin poisons you!
It was a potion of heal wounds.
You feel much better.
* * * LOW HITPOINT WARNING * * *
You feel very sick. The water moccasin misses you. The quokka bites you.
* * * LOW HITPOINT WARNING * * *
Ijyb barely misses you.
Unknown command.
You aren't carrying any potions.
You aren't carrying any items that you can evoke.
As you read the scroll labelled JUUQUT OREO, it crumbles to dust.
It is a scroll of brand weapon.
Your +1 whip of draining thirsts for the lives of mortals!
a - a +1 vampiric whip (weapon)
* * * LOW HITPOINT WARNING * * *
You feel very sick. The water moccasin closely misses you.
The quokka closely misses you. Ijyb hits you with a +0 club.
* * * LOW HITPOINT WARNING * * *
The water moccasin bites you.
* * * LOW HITPOINT WARNING * * *
As you read the scroll labelled OTIEST LOL CIF, it crumbles to dust.
The creatures around you are filled with an inner flame!
It was a scroll of immolation.
* * * LOW HITPOINT WARNING * * *
You feel very sick. The quokka barely misses you. Ijyb hits you with a +0 club.
You die...

##### #...# ###### #...#
##....(## #...#
##........ ...<#
#......... #...#
#........( #####
###..r......
###..)@S......
♣♣♣#######...#..g......
.♣.P.+...#..###.....?..?
♣.PP..........##........
♣P.....#####.........##
♣♣..+...# ####..#### ♣♣
###.## #.. #..# ##..
##.#####.....


You could see a water moccasin (inner flame), Ijyb (inner flame) and a quokka
(inner flame).

Vanquished Creatures
  Jessica (D:3)
  Natasha (D:2)
  8 adders
  A worm (D:2)
  A dart slug (D:2)
  11 orcs (D:3)
  9 ball pythons
  4 endoplasms
  A giant cockroach (D:1)
  4 goblins
  6 hobgoblins
  3 jackals (D:1)
  4 kobolds
  A quokka (D:2)
  3 bats
  A frilled lizard (D:2)
  14 rats
73 creatures vanquished.

Notes
Turn   | Place    | Note
-------+----------+-------------------------------------------
     0 | D:1      | pkoi the Draconian Monk began the quest for the Orb.
     0 | D:1      | Reached XP level 1. HP: 19/19 MP: 1/1
   129 | D:1      | Reached XP level 2. HP: 24/26 MP: 2/2
   553 | D:1      | Reached skill level 4 in Unarmed Combat
   631 | D:1      | Found a faded altar of an unknown god.
  1101 | D:2      | Reached XP level 3. HP: 31/31 MP: 3/3
  1585 | D:2      | Noticed Natasha
  1596 | D:2      | Killed Natasha
  1597 | D:2      | Reached skill level 5 in Unarmed Combat
  1597 | D:2      | Reached XP level 4. HP: 30/38 MP: 4/4
  2195 | D:2      | Reached XP level 5. HP: 44/45 MP: 5/5
  2794 | D:3      | Reached skill level 6 in Unarmed Combat
  3003 | D:3      | Noticed Jessica
  3009 | D:3      | Killed Jessica
  3009 | D:3      | Noticed a water moccasin
  3013 | D:3      | Noticed Ijyb
  3019 | D:3      | HP: 1/45 [water moccasin (7)]
  3022 | D:3      | Slain by Ijyb

Illustrated notes

Levels and vault maps discovered:
D:1:      dpeg_arrival_chambers_temple_mockup, layout_basic,
          dreamdust_ecumenical_altar_hidden_monk_grotto, minmay_rat_gold_closets
D:2:      layout_basic, minmay_snake_closets, uniq_natasha
D:3:      layout_rooms, serial_bayou_pond_b, minmay_stone_trees_large,
          uniq_ijyb, uniq_jessica, uniq_crazy_yiuf_cottage

Skill      XL: |  1  2  3  4  5 |
---------------+----------------+-----
Unarmed Combat | 4 5 6 |  6.3
Fighting       | |  3.2
Dodging        | |  2.6
Stealth        | |  1.7

Action                   |  1- 3 |  4- 6 || total
-------------------------+-------+-------++-------
Melee: Unarmed           |    13 |       ||    13
       Tailslap          |    11 |     6 ||    17
       Punch             |     2 |     2 ||     4
       Whip              |    91 |    91 ||   182
  Use: Potion            |       |     4 ||     4
       Scroll            |       |     2 ||     2
 Stab: Sleeping          |     8 |     5 ||    13
Armor: Skin              |    21 |    20 ||    41
Dodge: Dodged            |    76 |    72 ||   148
